 Seeded DCSS version 0.30.1-4-g462c640d31 (webtiles) character file.

Game seed: 6351066067085065685 (custom seed)

69030 Esekla the Eclecticist (level 14, -12/80 (84) HPs)
             Began as a Deep Elf Wanderer on Sept 9, 2023.
             Was a High Priest of Vehumet.
             Mangled by a spark wasp (13 damage)
             ... on level 1 of the Spider Nest.
             The game lasted 02:52:33 (20872 turns).

Esekla the Eclecticist (Deep Elf Wanderer)         Turns: 20872, Time: 02:52:34

HP:   -12/80 (84)   AC: 16    Str: 12    XL:     14   Next: 88%
MP:   30/39         EV: 14    Int: 24    God:    Vehumet [*****.]
Gold: 1276          SH:  4    Dex: 11    Spells: 9/51 levels left

rFire   . . .        c - +5 scimitar
rCold   . . .        d - +0 buckler
rNeg    + . .        l - +0 troll leather armour
rPois   +            J - +1 helmet
rElec   +            g - +1 cloak
rCorr   .            m - +0 pair of gloves
SInv    .            X - +1 pair of boots of Piysunuo {Str+3}
Will    +....        A - amulet of magic regeneration
Stlth   ++           a - ring of Greed {rElec rPois rN+ AC+4 Str-2}
HPRegen 1.13/turn    K - ring of the Mage {Wiz Archmagi}
MPRegen 0.66/turn

%: wizardry (x1), archmagi
@: about to teleport, wereblooded, spiked, studying Fighting, lightly drained
A: no striking features
a: Renounce Religion


You were on level 1 of the Spider Nest.
You worshipped Vehumet.
Vehumet was extremely pleased with you.
You visited 4 branches of the dungeon, and saw 20 of its levels.
You also visited: Trove and Bailey.

You collected 2748 gold pieces.
You spent 1472 gold pieces at shops.

Inventory:

Hand Weapons
 c - a +5 scimitar (weapon)
 r - a +4 trident of venom
 s - the +5 rapier of the Hero {heavy, rN+ Dex+3}
   (You found it on level 3 of the Dungeon)

   Dex:       It affects your dexterity (+3).
   rN:        It protects you from negative energy.
Missiles
 h - 9 boomerangs (quivered)
 z - 63 poisoned darts
 G - 6 curare-tipped darts
Armour
 d - a +0 buckler (worn)
 g - a +1 cloak (worn)
 l - a +0 troll leather armour (worn)
 m - a +0 pair of gloves (worn)
 J - a +1 helmet (worn)
 X - the +1 pair of boots of Piysunuo (worn) {Str+3}
   (You found it on level 1 of the Spider Nest)

   Str:       It affects your strength (+3).
Jewellery
 a - the ring of Greed (left hand) {rElec rPois rN+ AC+4 Str-2}
   (You bought it in a shop on level 2 of the Dungeon)

   [ring of protection]

   AC:        It affects your AC (+4).
   Str:       It affects your strength (-2).
   rElec:     It insulates you from electricity.
   rPois:     It protects you from poison.
   rN:        It protects you from negative energy.
 A - an amulet of magic regeneration (around neck)
 K - the ring of the Mage (right hand) {Wiz Archmagi}
   (You bought it in a shop on level 2 of the Dungeon)

   [ring of wizardry]

   It improves your spell success rate.
   Archmagi:  It increases the power of your magical spells.
 M - the ring "Lobbiu Zeimn" {+Blink Fly rF+++ Str-2 Dex-2}
   (You found it in a treasure trove)

   [ring of flight]

   Str:       It affects your strength (-2).
   Dex:       It affects your dexterity (-2).
   rF:        It renders you almost immune to fire.
   Fly:       It grants you flight.
   +Blink:    It lets you blink.
 N - a ring of ice
 Q - an amulet of reflection
Wands
 i - a wand of roots (31)
 o - a wand of quicksilver (3)
 q - a wand of flame (27)
 H - a wand of mindburst (7)
 O - a wand of digging (9)
Scrolls
 n - 4 scrolls of enchant weapon
 p - a scroll of enchant armour
 u - 5 scrolls of blinking {unknown}
 w - 4 scrolls of fog
 x - 5 scrolls of identify
 y - 2 scrolls of fear
 B - 2 scrolls of magic mapping
 C - 2 scrolls of silence
 D - 6 scrolls of teleportation
 I - 2 scrolls of poison
 L - 3 scrolls of acquirement
Potions
 b - 3 potions of lignification
 e - 3 potions of ambrosia {unknown}
 f - 7 potions of attraction
 j - 9 potions of curing
 k - 3 potions of mutation
 t - a potion of resistance {unknown}
 v - 4 potions of haste
 F - 3 potions of brilliance
 P - 2 potions of magic
 R - 3 potions of flight
 V - a potion of might
 W - 2 potions of heal wounds
Miscellaneous
 T - a lightning rod (4/4)


   Skills:
 * Level 8.4 Fighting
 + Level 2.4(3.1) Short Blades
 + Level 2.4(2.9) Long Blades
 + Level 1.2 Throwing
 * Level 5.0 Armour
 * Level 10.2 Dodging
 + Level 3.2 Stealth
 - Level 3.0 Shields
 * Level 19.3 Spellcasting
 + Level 5.9 Conjurations
 + Level 9.3 Necromancy
 + Level 3.8 Translocations
 + Level 5.0 Transmutations
 + Level 5.5 Fire Magic
 + Level 5.2 Ice Magic
 - Level 6.2 Air Magic
 * Level 7.8 Earth Magic
 - Level 7.5 Poison Magic
 + Level 1.0 Invocations
 + Level 0.4 Evocations


You had 9 spell levels left.
You knew the following spells:

 Your Spells              Type           Power      Damage    Failure   Level
a - Magic Dart            Conj           100%       1d8       1%          1
b - Blink                 Tloc           100%       N/A       1%          2
c - Mephitic Cloud        Conj/Pois/Air  70%        N/A       1%          3
d - Vampiric Draining     Necr           80%        2d11      1%          3
f - Fireball              Conj/Fire      33%        3d14      1%          5
h - Vhi's Electric Charg  Tloc/Air       100%       N/A       1%          3
l - Lee's Rapid Deconstr  Erth           37%        3d18*     1%          5
n - Ignite Poison         Fire/Tmut/Pois 68%        N/A       1%          3
p - Apportation           Tloc           100%       N/A       1%          1
t - Teleport Other        Tloc           58%        N/A       1%          3
v - Poisonous Vapours     Pois/Air       100%       N/A       1%          2
w - Wereblood             Tmut           63%        N/A       1%          2
y - Sticky Flame          Conj/Fire      66%        2d8       1%          4
z - Freezing Cloud        Conj/Ice/Air   33%        6-21      1%          5

Your spell library contained the following spells:

 Spells                   Type           Power      Damage    Failure   Level
 Spellforged Servitor     Conj/Summ      27%        N/A       58%         7
 Foxfire                  Conj/Fire      100%       2x1d9     1%          1
 Lesser Beckoning         Tloc           100%       N/A       1%          2
 Sublimation of Blood     Necr           80%        N/A       1%          2
 Dazzling Flash           Conj/Hex       100%       N/A       1%          3
 Gell's Gravitas          Tloc           58%        N/A       1%          3
 Hailstorm                Conj/Ice       66%        3d14      1%          3
 Portal Projectile        Hex/Tloc       96%        N/A       1%          3
 Spider Form              Tmut/Pois      69%        N/A       1%          3
 Flame Wave               Conj/Fire      66%        2d15      1%          4
 Agony                    Necr           80%        N/A       1%          5
 Manifold Assault         Tloc           58%        N/A       2%          4
 Passage of Golubria      Tloc           58%        N/A       2%          4
 Summon Ice Beast         Ice/Summ       52%        N/A       4%          4
 Plasma Beam              Fire/Air       33%        2x1d51    5%          6
 Starburst                Conj/Fire      33%        6d10      6%          6
 Silence                  Hex/Air        27%        N/A       11%         5
 Cause Fear               Hex            17%        N/A       14%         4
 Summon Mana Viper        Hex/Summ       34%        N/A       34%         5
 Dispersal                Tloc           29%        N/A       38%         6
 Lehudib's Crystal Spear  Conj/Erth      35%        10d9      73%         8
 Ignition                 Fire           32%        3d10      86%         8
 Summon Hydra             Summ           17%        N/A       100%        7
 Disjunction              Tloc           29%        N/A       100%        8


Dungeon Overview and Level Annotations

Branches:
Dungeon (12/15)            Temple (0/1) D:6            Lair (5/5) D:11
 Shoals (0/4) Lair:2       Spider (1/4) Lair:3        Slime (0/5) Lair:5
    Orc (2/2) D:10            Elf (0/3) Orc:2        Bailey (visited)

Altars:
Dithmenos
Fedhas
Hepliaklqana
Nemelex Xobeh
Okawaru
Qazlal
Ru
Trog
Uskayaw
Vehumet
Zin
The Shining One
Jiyva

Shops:
D:2 =   D:4 (   D:11 *   Orc:2 **


Message History

You kill the tarantella!
Vehumet accepts your kill.
You feel your power returning. The pharaoh ant barely misses you.
Your Armour skill increases to level 5!
Casting: Poisonous Vapours (safe; 1% risk of failure)
Confirm with . or Enter, or press ? or * to list all spells.
Aiming: Sticky Flame (safe; 1% risk of failure)
Press: ? - help, Shift-Dir - straight line, f - pharaoh ant
Aim: a pharaoh ant (lightly damaged, haloed)
You feel a surge of power!
The sticky flame hits the pharaoh ant!
The pharaoh ant is moderately damaged.
The pharaoh ant is covered in liquid flames!
The pharaoh ant burns!
The jorogumo casts a spell at you.
The bolt of negative energy misses the demonic crawler.
The bolt of negative energy misses you. The pharaoh ant bites you!!
You partially resist.
You feel drained.
The spark wasp is engulfed in blazing flames.
Casting: Sticky Flame (safe; 1% risk of failure)
Confirm with . or Enter, or press ? or * to list all spells.
Aiming: Vampiric Draining (safe; 1% risk of failure)
Press: ? - help, Shift-Dir - straight line, f - spark wasp, p - pharaoh ant
Aim: a spark wasp (flame, severely wounded, confused, haloed)
Okay, then.
As you read the scroll of teleportation, it crumbles to dust.
You feel strangely unstable.
The pharaoh ant burns!
The spark wasp seems less confused.
The pharaoh ant bites you!!
* * * LOW HITPOINT WARNING * * *
You partially resist.
You feel drained.
* * * LOW HITPOINT WARNING * * *
The spark wasp is engulfed in blazing flames.
The spark wasp stings you!
* * * LOW HITPOINT WARNING * * *
The spark wasp shocks you. You resist.
* * * LOW HITPOINT WARNING * * *
The demonic crawler is engulfed in blazing flames.
The pharaoh ant closely misses you.
The spark wasp is engulfed in blazing flames.
The spark wasp stings you!
You die...

...####...# .
....##..###. ..#
...##^...#.. #..#
...#....###.. #..#
.#......# ..† ...#
........### #†###..#
#....#....# BHs...#
..........#####y#B.#
...............°@..#
<^..#..######.###..#
.###..............##
.#.....############
......## #..#...#
......## #......#
.......#


You could see a jorogumo, an entropy weaver (extremely poisoned), a spark wasp,
a demonic crawler and a pharaoh ant (burning).

Vanquished Creatures
  Rupert (Lair:4)
  An orc warlord (Orc:2)
  2 entropy weavers (Spider:1)
  2 fire dragons (Lair:5)
  3 hydras
  Harold (D:9)
  A catoblepas (Lair:5)
  A jorogumo (Spider:1)
  2 boulder beetles (Lair:2)
  3 two-headed ogres
  12 spriggans (Lair:3)
  Lodul (D:11)
  A skyshark (Lair:4)
  Pikel (D:6)
  A swamp dragon (Lair:5)
  2 steelbarb worms (Spider:1)
  2 lindwurms (Lair:5)
  An oklob plant (Lair:5)
  An ugly thing (D:12)
  5 orc knights
  A wolf spider (Spider:1)
  7 cyclopes
  An orc sorcerer (Orc:2)
  9 elephants (Lair:5)
  2 moths of wrath (Spider:1)
  Joseph (D:7)
  A merfolk siren (Lair:2)
  2 black mambas
  7 torpor snails
  A smoke demon (Orc:2)
  2 gargoyles
  11 cane toads
  Psyche (D:11)
  3 rime drakes
  15 komodo dragons
  A kobold demonologist (D:9)
  2 merfolk (Lair:2)
  A polar bear (D:11)
  7 trolls
  3 tyrant leeches (Lair:5)
  3 tarantellas (Spider:1)
  5 blink frogs (Lair:1)
  9 hornets
  3 jumping spiders (Spider:1)
  4 centaur simulacra (D:11)
  A vampire (D:12)
  2 culicivoras
  A wraith (D:12)
  5 basilisks
  33 yaks
  3 steam dragons
  5 wyverns
  5 redbacks (Spider:1)
  Menkaure (D:7)
  2 wargs (Orc:2)
  2 acid dragons (Lair:5)
  14 water moccasins
  2 swamp drakes (Lair:5)
  5 ice beasts (D:11)
  A sky beast (D:6)
  31 orc warriors
  2 black bears
  13 ogres
  2 centaurs
  12 wolves
  3 boggarts (Lair:3)
  A phantom (D:7)
  Blork the orc (D:6)
  4 kobold brigands
  3 gnoll sergeants
  An earth elemental (D:11)
  10 bullfrogs
  3 scorpions
  10 wights
  21 killer bees
  2 howler monkeys (D:10)
  An electric eel (D:11)
  2 quasits (D:8)
  2 gnoll boudas
  6 hounds
  A jelly (D:6)
  Crazy Yiuf (D:7)
  22 orc priests
  A sleepcap (D:5)
  6 iguanas
  13 orc wizards
  12 hell rats
  27 gnolls
  9 adders
  3 shadow imps
  9 white imps
  4 ufetubi
  A worm (D:4)
  3 dart slugs
  79 orcs
  4 endoplasms
  9 goblins
  7 hobgoblins
  A quokka (D:1)
  6 ball pythons
  4 bats
  4 frilled lizards
  21 kobolds
  A rat (D:2)
606 creatures vanquished.

Vanquished Creatures (others)
  A jumping spider (Spider:1)
  An iguana (Lair:5)
  An orc (D:8)
3 creatures vanquished.

Grand Total: 609 creatures vanquished

Notes
Turn   | Place    | Note
-------+----------+-------------------------------------------
     0 | D:1      | Esekla the Deep Elf Wanderer began the quest for the Orb.
     0 | D:1      | Esekla set off with the following items: a +0 club, a
                  | potion of lignification, a +0 robe, a +0 buckler; and the
                  | following spells available to memorise: Apportation, Blink,
                  | Lesser Beckoning, Magic Dart, Ignite Poison, Vampiric
                  | Draining.
     0 | D:1      | Reached XP level 1. HP: 10/10 MP: 7/7
     2 | D:1      | Learned a level 1 spell: Magic Dart
     4 | D:1      | Learned a level 1 spell: Apportation
   230 | D:2      | Found Renulab's Jewellery Shop.
   301 | D:3      | You fall into a shaft and drop 1 floor!
   379 | D:4      | Found an iron altar of Okawaru.
   391 | D:4      | Found a glowing silver altar of Zin.
   453 | D:4      | Found a radiant altar of Vehumet.
   504 | D:4      | Became a worshipper of Vehumet
   611 | D:4      | Found Ponaysk's Antique Weapon Boutique.
   828 | D:3      | Reached skill level 1 in Necromancy
   831 | D:3      | Reached XP level 2. HP: 10/15 MP: 9/9
   975 | D:3      | Reached skill level 1 in Dodging
  1079 | D:5      | Entered Level 5 of the Dungeon
  1348 | D:3      | Identified the +5 rapier of the Hero {heavy, rN+ Dex+3}
  1531 | D:1      | Reached skill level 5 in Spellcasting
  1671 | D:1      | Reached XP level 3. HP: 19/19 MP: 7/11
  1674 | D:1      | Learned a level 2 spell: Blink
  1678 | D:1      | Learned a level 3 spell: Vampiric Draining
  1683 | D:1      | Learned a level 3 spell: Teleport Other
  1691 | D:1      | Reached * piety under Vehumet
  1691 | D:1      | Offered knowledge of Foxfire by Vehumet.
  2100 | D:2      | Found a faded altar of an unknown god.
  2131 | D:2      | Reached XP level 4. HP: 18/24 MP: 9/13
  2158 | D:2      | Noticed a black bear
  2227 | D:2      | Reached skill level 6 in Spellcasting
  2285 | D:3      | Found a stormy altar of Qazlal.
  2321 | D:3      | Found a hazy altar of Hepliaklqana.
  2323 | D:3      | Found a bloodstained altar of Trog.
  2601 | D:5      | Reached skill level 1 in Short Blades
  2601 | D:5      | Reached XP level 5. HP: 28/28 MP: 11/15
  2647 | D:5      | Found a shadowy altar of Dithmenos.
  2761 | D:5      | Got the Parchment of the Lumpy Olives
  2839 | D:5      | Reached XP level 6. HP: 32/32 MP: 17/17
  3069 | D:4      | Reached skill level 7 in Spellcasting
  3073 | D:4      | Offered knowledge of Poisonous Vapours by Vehumet.
  3081 | D:4      | Learned a level 2 spell: Poisonous Vapours
  3109 | D:4      | Reached ** piety under Vehumet
  3110 | D:4      | Reached skill level 1 in Poison Magic
  3276 | D:4      | Found a glowing golden altar of the Shining One.
  3798 | D:2      | Reached XP level 7. HP: 26/36 MP: 15/19
  3875 | D:2      | Reached skill level 1 in Air Magic
  4386 | D:5      | Reached skill level 8 in Spellcasting
  4658 | D:6      | Noticed Blork the orc
  5115 | D:7      | Found a runed translucent door.
  5116 | D:7      | Noticed Crazy Yiuf
  5125 | D:7      | Killed Crazy Yiuf
  5426 | D:6      | Found a staircase to the Ecumenical Temple.
  5656 | D:6      | Reached XP level 8. HP: 36/41 MP: 20/22
  5761 | D:6      | Reached skill level 9 in Spellcasting
  5796 | D:6      | Killed Blork the orc
  5870 | D:6      | Noticed Pikel
  5884 | D:6      | Killed Pikel
  5885 | D:6      | Reached skill level 5 in Dodging
  5885 | D:6      | Reached skill level 10 in Spellcasting
  6031 | D:6      | Reached skill level 5 in Necromancy
  6040 | D:6      | Found a blossoming altar of Fedhas.
  6313 | D:7      | Reached XP level 9. HP: 42/45 MP: 18/25
  6524 | D:7      | Noticed Menkaure
  6691 | D:7      | Noticed Joseph
  6745 | D:7      | Killed Joseph
  6745 | D:7      | Offered knowledge of Mephitic Cloud by Vehumet.
  6746 | D:7      | Reached skill level 11 in Spellcasting
  6753 | D:7      | Learned a level 3 spell: Mephitic Cloud
  6812 | D:7      | Killed Menkaure
  6813 | D:7      | Reached skill level 1 in Conjurations
  6950 | D:8      | Noticed a two-headed ogre
  7091 | D:7      | Reached *** piety under Vehumet
  7353 | D:7      | Offered knowledge of Flame Wave by Vehumet.
  7362 | D:7      | Learned a level 4 spell: Flame Wave
  7779 | D:8      | Found a transporter.
  7780 | D:8      | Found a transporter.
  7781 | D:8      | Found a transporter.
  7828 | D:8      | Found a transporter.
  7876 | D:8      | Reached skill level 12 in Spellcasting
  7941 | D:8      | Found a hide-covered altar of Uskayaw.
  8010 | D:8      | Killed a two-headed ogre
  8011 | D:8      | Reached skill level 1 in Fire Magic
  8011 | D:8      | Reached XP level 10. HP: 50/50 MP: 28/28
  8154 | D:8      | Reached skill level 1 in Long Blades
  8401 | D:9      | Found a flagged portal.
  8409 | D:9      | Reached **** piety under Vehumet
  8436 | Bailey   | Entered a bailey
  8518 | Bailey   | Offered knowledge of Inner Flame by Vehumet.
  8750 | Bailey   | Identified the +2 bardiche of Puhoisos {heavy, rElec
                  | Stlth+}
  8794 | Bailey   | HP: 1/50 [orc/bolt (10)]
  9079 | Bailey   | Noticed an orc knight
  9079 | Bailey   | Noticed an orc knight
  9107 | Bailey   | Killed an orc knight
  9119 | Bailey   | Learned a level 3 spell: Ignite Poison
  9129 | Bailey   | Killed an orc knight
  9130 | Bailey   | Reached skill level 13 in Spellcasting
  9414 | D:9      | Reached skill level 1 in Fighting
  9414 | D:9      | Reached skill level 1 in Transmutations
  9491 | D:9      | Found a sparkling altar of Nemelex Xobeh.
  9543 | D:9      | Noticed a two-headed ogre
  9549 | D:9      | Killed a two-headed ogre
  9686 | D:9      | Noticed Harold
  9694 | D:9      | Killed Harold
  9695 | D:9      | Reached XP level 11. HP: 57/57 MP: 29/30
  9995 | D:9      | Reached skill level 14 in Spellcasting
 10105 | D:9      | Reached skill level 5 in Poison Magic
 10163 | D:10     | Entered Level 10 of the Dungeon
 10195 | D:10     | Found a staircase to the Orcish Mines.
 10211 | Orc:1    | Entered Level 1 of the Orcish Mines
 10217 | Orc:1    | Noticed an orc knight
 10224 | Orc:1    | Killed an orc knight
 10559 | D:2      | Bought the ring of the Mage {Wiz Archmagi} for 714 gold
                  | pieces
 10559 | D:2      | Found the ring of the Mage {Wiz Archmagi}
 10801 | D:11     | Noticed Lodul
 10933 | D:10     | Reached skill level 5 in Air Magic
 10934 | D:10     | Reached ***** piety under Vehumet
 10963 | D:10     | Offered knowledge of Lee's Rapid Deconstruction by Vehumet.
 10974 | D:10     | Learned a level 5 spell: Lee's Rapid Deconstruction
 11073 | D:11     | Reached skill level 1 in Earth Magic
 11089 | D:11     | Reached skill level 1 in Armour
 11123 | D:11     | Reached skill level 15 in Spellcasting
 11146 | D:11     | Reached skill level 5 in Conjurations
 11165 | D:11     | Reached skill level 1 in Throwing
 11295 | D:11     | Found Fagafuf's Pet Rocks.
 11390 | D:11     | Noticed Psyche
 11394 | D:11     | Killed Psyche
 11395 | D:11     | Reached XP level 12. HP: 66/66 MP: 33/33
 11405 | D:11     | Noticed a two-headed ogre
 11407 | D:11     | Killed a two-headed ogre
 11433 | D:11     | Killed Lodul
 11790 | D:12     | Found a portal to a secret trove of treasure.
 11833 | D:12     | Learned a level 5 spell: Freezing Cloud
 12031 | D:12     | Reached skill level 1 in Ice Magic
 12072 | D:12     | Learned a level 2 spell: Wereblood
 12128 | Trove    | Entered a treasure trove
 12137 | Trove    | Identified the ring of the Scavenger {Str+6 Dex+3}
 12139 | Trove    | Identified the +2 pair of gloves of the Worm {*Corrode rN++
                  | Dex+3}
 12140 | Trove    | Identified the ring "Lobbiu Zeimn" {+Blink Fly rF+++ Str-2
                  | Dex-2}
 12152 | Trove    | Identified the +3 ring mail "Poady" {+Inv rF+ Dex+2 Slay-4}
 12154 | Trove    | Identified the +7 quarterstaff of Generosity {flame, Fly
                  | rN+}
 12194 | D:11     | Got Simple Magic
 12234 | D:11     | Found a staircase to the Lair.
 12567 | D:12     | Learned a level 5 spell: Fireball
 12851 | D:10     | Found a sacrificial altar of Ru.
 13092 | D:10     | Reached skill level 16 in Spellcasting
 13224 | Lair:1   | Entered Level 1 of the Lair of Beasts
 13232 | Lair:1   | Reached skill level 5 in Fighting
 13486 | Lair:1   | You fall into a shaft and drop 1 floor!
 13672 | Lair:2   | Found a transporter.
 13673 | Lair:2   | Found a transporter.
 13674 | Lair:2   | Noticed a boulder beetle
 13674 | Lair:2   | Noticed a boulder beetle
 13686 | Lair:2   | Killed a boulder beetle
 13688 | Lair:2   | Killed a boulder beetle
 14779 | Lair:2   | Reached XP level 13. HP: 68/73 MP: 35/35
 14941 | Lair:2   | Found a staircase to the Shoals.
 15287 | Lair:3   | Found a hole to the Spider Nest.
 15350 | Spider:1 | Entered Level 1 of the Spider Nest
 15362 | Spider:1 | Identified the +1 pair of boots of Piysunuo {Str+3}
 15368 | Spider:1 | Reached skill level 5 in Earth Magic
 15580 | Lair:3   | Reached skill level 17 in Spellcasting
 16246 | D:2      | Bought the ring of Greed {rElec rPois rN+ AC+4 Str-2} for
                  | 758 gold pieces
 16549 | Lair:3   | Identified the +3 leather armour of Okawaru's Inspiration
                  | {Str+4}
 16866 | Lair:4   | Learned a level 4 spell: Sticky Flame
 17425 | Lair:4   | Noticed Rupert
 17428 | Lair:4   | Paralysed by Rupert for 4 turns
 17436 | Lair:4   | Killed Rupert
 17924 | Lair:5   | Entered Level 5 of the Lair of Beasts
 18167 | Lair:5   | Found a viscous altar of Jiyva.
 18167 | Lair:5   | Found a staircase to the Slime Pits.
 18196 | Lair:5   | Reached skill level 18 in Spellcasting
 18208 | Lair:5   | Reached XP level 14. HP: 82/82 MP: 24/38
 18579 | Lair:5   | Found a runed translucent door.
 18671 | Lair:5   | Reached skill level 5 in Ice Magic
 19093 | Lair:5   | Got Utragud's Papyrus of the Inquisitive Olives
 19107 | Lair:5   | Learned a level 3 spell: Vhi's Electric Charge
 19535 | Orc:2    | Entered Level 2 of the Orcish Mines
 19625 | Orc:2    | Reached skill level 5 in Fire Magic
 19765 | Orc:2    | Reached skill level 10 in Dodging
 19916 | Orc:2    | Found a staircase to the Elven Halls.
 19923 | Orc:2    | Noticed an orc warlord
 19938 | Orc:2    | Killed an orc warlord
 20199 | Orc:2    | Found Roezostra's General Store.
 20211 | Orc:2    | Reached skill level 19 in Spellcasting
 20215 | Orc:2    | Offered knowledge of Spellforged Servitor by Vehumet.
 20240 | Orc:2    | Found Bamnuus's General Store.
 20608 | Spider:1 | Reached skill level 5 in Transmutations
 20871 | Spider:1 | Reached skill level 5 in Armour
 20872 | Spider:1 | HP: 1/80 [spark wasp (5)]
 20872 | Spider:1 | Mangled by a spark wasp

Illustrated notes

Levels and vault maps discovered:
D:1:      sevenhm_arrival_forest_fort_small_3, layout_rooms,
          chequers_serial_rivers_room_b, minmay_misc_feat_five
D:2:      layout_loops_ring, dreamdust_ecumenical_altar_angels_and_demons,
          serial_shops, shop
D:3:      layout_basic, grunt_temple_overflow_open, minmay_misc_feat_iff
D:4:      layout_basic, nicolae_overflow_quartered_altars, serial_shops,
          nicolae_diamond_shop
D:5:      layout_loops_ring, lemuel_doored_altar, minmay_misc_feat_rows,
          dreamdust_wishing_well
D:6:      layout_loops_cross, fedhas_altar_fruit_tree,
          minmay_temple_entry_glass, uniq_pikel, uniq_blork_the_orc
D:7:      layout_basic, uniq_menkaure, uniq_joseph, uniq_crazy_yiuf_cottage
D:8:      layout_basic, nicolae_uskayaw_dance_hall, serial_demonic,
          serial_demonic_d, serial_demonic_a, serial_demonic_c,
          serial_demonic_c, nicolae_diode_quadrants
D:9:      layout_irregular_city, kennysheep_little_box, enter_bailey_4,
          minmay_between, uniq_harold
D:10:     layout_basic, nicolae_ru_awakened_eye
D:11:     layout_rooms, hellmonk_lair_entry_icy, serial_ice, serial_ice_j,
          serial_ice_m, serial_ice_o, serial_ice_c, serial_ice_g, serial_ice_f,
          guppyfry_shop_earth, uniq_psyche, uniq_lodul
D:12:     layout_roguey, nicolae_trove_entry_crossroad
Lair:1:   layout_small_grid
Lair:2:   gammafunk_boulding_lane, layout_small_grid, elwin_shoals_entry_rooms
Lair:3:   kb_forest_paths, layout_chaotic_city, spider_nest_entry_rubble
Lair:4:   layout_hall_layers, grunt_megastairs_3, lemuel_fruit_fields,
          uniq_rupert
Lair:5:   guppyfry_lair_end_dragon, layout_misc_corridors, wormcave,
          dpeg_slime_entry_enclosed
Spider:1: layout_spider_delve, nicolae_spider_some_kinda_spiderbox
Orc:1:    layout_caves
Orc:2:    pf_orc_diabolical, layout_diamond_mine, uniq_azrael

Skill      XL: |  1  2  3  4  5  6  7  8  9 10 11 12 13 14 |
---------------+-------------------------------------------+-----
Necromancy     | 1 2 3 5 7 8 9 |  9.3
Dodging        | 1 2 3 4 5 6 7 8 9 10 | 10.2
Spellcasting   | 5 6 7 8 10 12 13 15 16 18 19 | 19.3
Short Blades   | 1 2 |  2.4
Poison Magic   | 1 2 3 4 5 6 7 |  7.5
Air Magic      | 2 3 4 5 6 |  6.2
Shields        | 2 3 |  3.0
Translocations | 3 |  3.8
Conjurations   | 3 4 5 |  5.9
Fire Magic     | 1 2 3 4 5 |  5.5
Long Blades    | 1 2 |  2.4
Stealth        | 2 3 |  3.2
Fighting       | 1 4 5 7 8 |  8.4
Transmutations | 1 3 4 5 |  5.0
Earth Magic    | 2 4 6 7 |  7.8
Armour         | 1 3 4 5 |  5.0
Throwing       | 1 |  1.2
Ice Magic      | 3 4 5 |  5.2
Invocations    | |  1.0
Evocations     | |  0.4

Action                     |  1- 3 |  4- 6 |  7- 9 | 10-12 | 13-15 || total
---------------------------+-------+-------+-------+-------+-------++-------
  Melee: Short sword       |    62 |    64 |       |       |       ||   126
         Rapier            |       |    14 |    24 |    18 |    14 ||    70
         Dagger            |       |    19 |   135 |     2 |       ||   156
         Scimitar          |       |       |    56 |    89 |    77 ||   222
  Throw: Dart              |     3 |     5 |     1 |       |     4 ||    13
         Boomerang         |       |       |       |    23 |     9 ||    32
   Cast: Apportation       |    35 |    20 |    24 |    29 |    38 ||   146
         Magic Dart        |    52 |    19 |    20 |    13 |    19 ||   123
         Vampiric Draining |     1 |    17 |    66 |    39 |    22 ||   145
         Poisonous Vapours |       |    19 |    89 |   178 |   178 ||   464
         Teleport Other    |       |       |    15 |       |       ||    15
         Blink             |       |       |     3 |     2 |       ||     5
         Flame Wave        |       |       |     2 |       |       ||     2
         Mephitic Cloud    |       |       |       |    45 |    10 ||    55
         Ignite Poison     |       |       |       |    98 |    87 ||   185
         Lee's Rapid Decon |       |       |       |     7 |       ||     7
         Freezing Cloud    |       |       |       |     9 |    43 ||    52
         Wereblood         |       |       |       |     7 |    21 ||    28
         Fireball          |       |       |       |     3 |       ||     3
         Sticky Flame      |       |       |       |       |    12 ||    12
  Evoke: Wand              |     1 |     2 |    10 |     1 |       ||    14
    Use: Scroll            |     1 |       |     9 |     8 |     3 ||    21
         Potion            |       |       |     8 |     3 |       ||    11
   Stab: Sleeping          |       |     5 |     3 |     1 |       ||     9
         Confused          |       |       |       |     1 |     2 ||     3
         Petrified         |       |       |       |       |     4 ||     4
 Armour: Robe              |    26 |    19 |    83 |    41 |       ||   169
         Skin              |       |       |     3 |       |       ||     3
         Troll leather arm |       |       |       |    13 |    59 ||    72
  Dodge: Dodged            |    38 |    47 |   186 |   125 |    99 ||   495
  Block: Buckler           |    15 |     6 |    67 |    30 |    26 ||   144
